Cogmind - Beta 13 @@@ ROGUE MODE // 2024.04.03 @ 10:03:19 Player: Yovador Result: Destroyed by as-80521 with Assembled Blade Performance ------------- Evolutions (0) 0 Regions Visited (2) 400 Robots Destroyed (20) 100 Value Destroyed (627) 627 Prototype IDs (0) 0 Alien Tech Used (0) 0 Bonus (0) 0 TOTAL SCORE: 1127 Bonus ------- None Cogmind --------- Core Integrity 0/250 Matter 296/300 Energy 125/125 System Corruption 3% Temperature Cool (0) Movement Walking (120) Location -10/Mines Parts ------- > --- POWER (1) -------- Light Ion Engine > --- PROPULSION (2) --- Aluminum Leg Carbon-fiber Leg > --- UTILITY (2) ------ Medium Storage Unit Improved Targeting Computer > --- WEAPON (2) ------- High-powered Shotgun > --- INVENTORY (10) --- Ion Engine Light Treads Advanced Targeting Computer Reaction Control System Field Laser Beam Cannon Grenade Launcher Peak State ------------ > --- POWER ------------ Light Nuclear Core > --- PROPULSION ------- Aluminum Leg Carbon-fiber Leg > --- UTILITY ---------- Medium Storage Unit Improved Targeting Computer > --- WEAPON ----------- EM Shotgun High-powered Shotgun > --- INVENTORY -------- Ion Engine Light Ion Engine Light Treads Advanced Targeting Computer Reaction Control System EM Shotgun Field Laser Beam Cannon Grenade Launcher [Rating: 16] Favorites ----------- Power Light Nuclear Core Engine Light Ion Engine Power Core Light Nuclear Core Propulsion Light Treads Treads Light Treads Leg Aluminum Leg Utility Improved Targeting Computer Device ECM Suite Storage Medium Storage Unit Processor Improved Targeting Computer Weapon EM Shotgun Energy Gun EM Shotgun Ballistic Gun High-powered Shotgun Build | -11 -10 -10 ------- Run | Yrd Mat Min Slots Evolved . | . . . Power . | . . . Propulsion . | . . . Utility . | . . . Weapon . | . . . Parts Attached 22 | 6 7 9 Power 5 | 1 1 3 Engine 3 | 1 . 2 Core 2 | . 1 1 Reactor . | . . . Propulsion 4 | 2 . 2 Treads 2 | 2 . . Leg 2 | . . 2 Wheel . | . . . Hover . | . . . Flight . | . . . Utility 5 | 1 4 . Device 1 | . 1 . Storage 3 | 1 2 . Processor 1 | . 1 . Hackware . | . . . Protection . | . . . Artifact . | . . . Weapon 8 | 2 2 4 Energy Gun 6 | 1 2 3 Energy Cannon . | . . . Ballistic Gun 2 | 1 . 1 Ballistic Cannon . | . . . Launcher . | . . . Special Weapon . | . . . Impact Weapon . | . . . Slashing Weapon . | . . . Piercing Weapon . | . . . Special Melee Weapon . | . . . Unidentified Prototypes . | . . . Corrupted Parts 2 | . 1 1 System Corruption 3 | . 1 2 Parts Lost 7 | . . 7 Power 2 | . . 2 Propulsion 1 | . . 1 Utility . | . . . Weapon 4 | . . 4 Highest Loss Streak 2 | . . 2 To Critical Strikes . | . . . Average Slot Usage (%) 97 | . 97 97 Engine 6 | . 8 3 Core 7 | . 5 10 Treads 20 | . 28 12 Leg 7 | . . 15 Storage 14 | . 14 14 Processor 12 | . 11 14 Energy Gun 21 | . 25 18 Ballistic Gun 5 | . 2 8 Naked Turns . | . . . Heaviest Build 29 | 12 29 21 Greatest Support 40 | 40 40 40 Greatest Overweight (x) 1 | 1 . 1 Average Overweight (x) . | . . . Largest Inventory Capacity 15 | 8 15 10 Average Capacity 10 | 7 10 10 Most Carried 11 | 8 11 10 Average Carried 8 | 4 8 8 Final Capacity 10 | 8 10 10 Final Carried 10 | 6 10 7 Class Distribution -------------------- 100% | Mutant Dominant Class ---------------- Mutant | -10/Materials Mutant | -10/Mines Resources | -11 -10 -10 ----------- Run | Yrd Mat Min Matter Collected 542 | 253 110 179 Remotely . | . . . Salvage Created 887 | . 580 307 Parts 40 | . 27 13 Haulers Intercepted . | . . . Recyclers Shooed . | . . . Parts Field Recycled . | . . . Retrieved Matter . | . . . Parts Self-Destructed . | . . . Prevented . | . . . Kills | -11 -10 -10 ------- Run | Yrd Mat Min Combat Hostiles Destroyed 23 | . 10 13 Guns 20 | . 8 12 AOE 2 | . 2 . Classes Destroyed 5 | . 4 1 Worker 2 | . 2 . Operator 1 | . 1 . Watcher 3 | . 3 . Grunt 14 | . 10 4 Assembled 9 | . . 9 Best Kill Streak 6 | . 6 5 Combat Bots Only 5 | . 3 5 Max Kills in Single Turn 2 | . 2 1 Gunslinging 1 | . 1 . Exploded 2 | . 2 . Melee . | . . . Uniques/NPCs Destroyed . | . . . Combat | -11 -10 -10 -------- Run | Yrd Mat Min Hostile Shots Fired 81 | . 31 50 Missed 21 | . 10 11 Damage Taken 1182 | . 381 801 Core 258 | . 151 107 Absorbed by Shields . | . . . Core Remaining (%) 100 | 100 . . Volleys Fired 54 | . 23 31 Largest 2 | . 2 2 Hottest 90 | . 90 90 Shots Fired 98 | . 46 52 Gun 98 | . 46 52 Cannon . | . . . Launcher . | . . . Special . | . . . Kinetic 33 | . 11 22 Thermal 11 | . 11 . Explosive . | . . . Electromagnetic 54 | . 24 30 Robot Hit Streak 15 | . 8 15 Robot Miss Streak 7 | . 2 7 Penetration Max . | . . . Secondary Targets 4 | . 2 2 Max Gunslinging Chain 1 | . 1 1 Shots Hit Robots 74 | . 35 39 Core Hits 53 | . 27 26 Critical Kills . | . . . Critical Parts Destroyed . | . . . Critical Strikes 2 | . 2 . Burn 2 | . 2 . Melee Attacks . | . . . Impact . | . . . Slashing . | . . . Piercing . | . . . Sneak Attacks . | . . . Combat Hostiles . | . . . Follow-up Attacks . | . . . Damage Inflicted 1621 | . 1000 621 Guns 1170 | . 549 621 Cannons . | . . . Explosions 451 | . 451 . Melee . | . . . Ramming . | . . . Kinetic 384 | . 103 281 Thermal 553 | . 553 . Explosive . | . . . Electromagnetic 684 | . 344 340 Impact . | . . . Slashing . | . . . Piercing . | . . . Highest Corruption 3 | . 1 3 Average Corruption 2 | . 1 2 Corruption Purged . | . . . Corruption Blocked . | . . . Effects 14 | . 2 12 Message Errors 1 | . . 1 Matter Fused 4 | . 1 3 Heat Flow Errors 1 | . . 1 Energy Discharges 2 | . . 2 Data Loss (minor) 5 | . 1 4 Weapon Failures 1 | . . 1 Overload Shots . | . . . Overflow Damage 79 | . 79 . Projectiles . | . . . Explosions 79 | . 79 . Melee . | . . . Knockbacks . | . . . Impact . | . . . Kinetic . | . . . Secondary . | . . . Self-Inflicted Damage 124 | . 124 . Shots 2 | . 2 . Rammed . | . . . Targets Rammed . | . . . Kicked . | . . . Crushed . | . . . Highest Temperature 180 | . 180 144 Average Temperature 50 | . 59 42 Received Heat Transfer 236 | . 159 77 Siege Activations . | . . . Robots Corrupted 1 | . . 1 Combat Hostiles 1 | . . 1 Parts Fried 4 | . . 4 Impact Corruptions . | . . . Robots Melted . | . . . Combat Hostiles . | . . . Parts Melted . | . . . Heat Transferred 744 | . 744 . Parts Sabotaged . | . . . Parts Stolen . | . . . Parts Stripped . | . . . Power Chain Reactions 1 | . 1 . Alert | -11 -10 -10 ------- Run | Yrd Mat Min Peak Influence 285 | . 285 191 Initial 111 | . . 111 Average 100 | . 124 88 Maximum Alert Level 1 | . 1 . Low Security (%) 86 | 100 71 100 Level 1 13 | . 28 . Level 2 . | . . . Level 3 . | . . . Level 4 . | . . . Level 5 . | . . . High Security . | . . . Max Security . | . . . Squads Dispatched . | . . . Investigation . | . . . Extermination . | . . . Reinforcement . | . . . Assault . | . . . Garrison . | . . . Intercept . | . . . Searches Triggered . | . . . Construction Impeded . | . . . Haulers Reinforced . | . . . Active Scanning Responses . | . . . Cargo Convoy Interrupts . | . . . Stealth | -11 -10 -10 --------- Run | Yrd Mat Min Distress Signals 2 | . 2 . Communications Jammed . | . . . Distress Signals . | . . . Times Spotted 36 | . 15 21 Peak Tracking Total 5 | . 5 4 Tactical Retreats 4 | . 1 3 Traps | -11 -10 -10 ------- Run | Yrd Mat Min Traps Triggered . | . . . Indirectly . | . . . Trap Hack Attempts . | . . . Triggered . | . . . Disarmed . | . . . Reprogrammed . | . . . Reused . | . . . Traps Extracted . | . . . Installed . | . . . Triggered . | . . . Machines | -11 -10 -10 ---------- Run | Yrd Mat Min Machines Disabled 2 | . 2 . Max in Single Turn 1 | . 1 . Machines Repaired . | . . . Machines Dismantled . | . . . Machines Sabotaged . | . . . Overloaded Fab Kills . | . . . Hacking | -11 -10 -10 --------- Run | Yrd Mat Min Machines Accessed 6 | . 5 1 Terminals 3 | . 3 . Fabricators . | . . . Repair Stations . | . . . Recycling Units 2 | . 2 . Scanalyzers . | . . . Garrison Access . | . . . Total Hacks 13 | . 12 1 Successful 8 | . 7 1 Failed 5 | . 5 . Catastrophic 1 | . 1 . Database Lockouts . | . . . Manual . | . . . Terminals 9 | . 9 . Fabricators . | . . . Repair Stations . | . . . Recycling Units 3 | . 3 . Scanalyzers . | . . . Garrison Access . | . . . Terminal Hacks 6 | . 5 1 Open Door 1 | . . 1 Alert Level 1 | . 1 . Locate Traps 1 | . 1 . Dispatch Records 1 | . 1 . Registered Prototypes 1 | . 1 . Zone Layout 1 | . 1 . Fabricator Hacks . | . . . Repair Station Hacks . | . . . Recycling Unit Hacks 2 | . 2 . Report Inventory 2 | . 2 . Scanalyzer . | . . . Garrison Access Hacks . | . . . Unauthorized Hacks . | . . . Terminals . | . . . Fabricators . | . . . Repair Stations . | . . . Recycling Units . | . . . Scanalyzers . | . . . Garrison Access . | . . . Data Cores Recovered 1 | . 1 . Used . | . . . Hacking Detections 2 | . 2 . Full Trace Events . | . . . Feedback Events . | . . . Feedback Blocked . | . . . Robot Schematics Acquired . | . . . Robots Built . | . . . Authchips . | . . . Time . | . . . Total Robot Build Rating . | . . . Part Schematics Acquired . | . . . Parts Built . | . . . Authchips . | . . . Time . | . . . Total Part Build Rating . | . . . Parts Repaired . | . . . Time . | . . . Parts Recycled . | . . . Recycled Matter . | . . . Retrieved Matter . | . . . Retrieved Components . | . . . Parts Scanalyzed . | . . . Part Schematics Acquired . | . . . Parts Damaged . | . . . Bothacking | -11 -10 -10 ------------ Run | Yrd Mat Min Used RIF Installer . | . . . Robots Hacked . | . . . Non-combat . | . . . Combat . | . . . Robot Hacks Applied . | . . . Relay Couplers Released . | . . . Fabnet Peak Effective % . | . . . Robots Rewired . | . . . Allies Hacked . | . . . Hacks Repelled . | . . . Allies | -11 -10 -10 -------- Run | Yrd Mat Min Total Allies 2 | . . 2 Largest Group 2 | . . 2 Highest-Rated Group 48 | . . 48 Highest-Rated Ally 31 | . . 31 Total Orders . | . . . Ally Attacks 3 | . . 3 Total Damage 64 | . . 64 Kills 2 | . . 2 Allies Corrupted . | . . . Allies Melted . | . . . Intel | -11 -10 -10 ------- Run | Yrd Mat Min Robot Analysis Total . | . . . Derelict Logs Recovered . | . . . Drone Launches . | . . . Drone Recoveries . | . . . Exploration | -11 -10 -10 ------------- Run | Yrd Mat Min Turns Passed 1565 | 94 739 732 Spaces Moved 870 | 56 389 425 Core 16 | 16 . . Treads 601 | 40 389 172 Legs 253 | . . 253 Wheels . | . . . Hover . | . . . Flight . | . . . Fastest Speed 50 | 50 160 120 Average Speed 147 | 137 160 137 Slowest Speed 190 | 160 160 190 Overloaded Moves . | . . . Propulsion Burnouts . | . . . Robots Hopped . | . . . Cave-ins Triggered . | . . . Exploration Rate (%) 41 | 4 58 63 Regions Visited 2 Branch Regions 1 Pre-discovered Areas . | . . . Known Exits Taken . | . . . Unknown Exits Taken 2 | 1 1 . Scrap Searched . | . . . Spaces Dug . | . . . Terrain Destroyed 48 | . 48 . Melee . | . . . Projectile . | . . . AOE 48 | . 48 . Terrain Rammed . | . . . Walls Destroyed . | . . . Machines Disabled . | . . . Actions | -11 -10 -10 --------- Run | Yrd Mat Min Total 1057 | 73 460 524 Wait 72 | . 24 48 Move 868 | 55 388 425 Hop . | . . . Pick Up 31 | 12 12 7 Fast Attach . | . . . Attach 13 | 6 1 6 Detach . | . . . Swap 9 | . 6 3 Drop 10 | . 6 4 Fire 54 | . 23 31 Melee . | . . . Ram . | . . . Kick . | . . . Crush . | . . . Escape Stasis . | . . . Rewire . | . . . Trap . | . . . Miscellaneous . | . . . Route ------- -11/Scrapyard -10/Materials (discovered 2 exits: [*Mat] / *Min) -10/Mines (discovered 1 exit: [*Mat]) History --------- Turn | Location | Event 31 | -11/Scrapyard | Discovered new exit (range 16) 95 | -11/Scrapyard | Entered Materials 268 | -10/Materials | Discovered new exit (range 16) 320 | -10/Materials | Build established: Mutant 550 | -10/Materials | Core integrity fell below 50% 565 | -10/Materials | Discovered new exit (range 13) 834 | -10/Materials | Entered Mines 988 | -10/Mines | Discovered new exit (range 5) 1061 | -10/Mines | Assembled infested the area 1066 | -10/Mines | Assisted by a Guerilla fighting off Assembled 1100 | -10/Mines | Met a Derelict who couldn't figure out how to use a Trap Extractor 1180 | -10/Mines | Core integrity fell below 20% 1566 | -10/Mines | Destroyed by as-80521 with Assembled Blade Last Messages --------------- as-17521 destroyed. Acquired 4 matter. as-22594 destroyed. System corrupted: Energy discharge (-57). Acquired 8 matter. System corrupted: Heat flow error (+160). K-01 Serf collects debris. A pair of derelicts emerge from the shadows: "We're, um, lost. You wouldn't happen to know the way out of here, would you?" as-58275 destroyed. Acquired 4 matter. Lgt. Nuclear Core destroyed. as-38455 destroyed. Acquired 4 matter. Acquired 10 matter. as-05796 destroyed. System corrupted: Component data lost. Acquired 4 matter. EM Shotgun destroyed. Map ----- +----------------------------------------------------+ | | | ?????????????????????????????????????????????????? | | ?????????????????????????????????????????????????? | | ?????????????????????????????????????????????????? | | ?????????????????????????????????????????????????? | | ?????????????????????????????????????????????????? | | ?????????????????????????????????????????????????? | | ?????????????????????????????????????????????????? | | ?????????????????????????????????????????????????? | | ?????????????????????????????????????????????????? | | ????????????????????????????? ???????????????????? | | ????????????????????????????? ???????????????????? | | ????????????????????????????? ??????????????????? | | ????????????????????????????? ??????????????????? | | ?????????????????????????????# ??????????????????? | | ?????????????????????????????# ??????????????????? | | ?????????????????????????????? ???????????? ??? | | ?????????????????????????????? ""???????????? #?? | | ?????????????????????????????? ""???????????? #?? | | ?????????????????????????????? ""???????????? #?? | | ???????????????#?????????????? ???????????" #?? | | ???????????????# ????#??????? ?????????? #?? | | ???????????????# ??# ??????# #?????????""" #?? | | ????????????????# # #?????# #??????????""= ??? | | ????????????????# %< ###### #??????????""% ??? | | ???????????????????????#a@g z ####??????? = ??? | | ???????????????????????######## #???????# #??? | | ??????????????????????????????####%#???????# #??# | | ?????????????????????????????????#=#???????# ### | | ??????????#######????????????????#%#???????# | | ?????????## ##???????????????# ######### !""" | | ?????????# #???????????????# |%!=%== =%""" | | ?????????# #????????????????######*####*!""" | | ?????????## ##??#########??????????#%#??##%* | | ??????????#### #??##""" ## ####????####%#???##! | | ?????????????# #??#"/ /[ ## #????# #????# | | ?????????????# #??# ! # #????# ####???## = | | ???????????### ##### ! =############ #??????# %= | | ?########### | ## ## %% #??????# | | ?# =%! #############??????## | | ?# #### #### ####= ## # ##?????????????## | | ?# #??# #??# #?## ## ##???????????????### | | ?# #??# #??# #??# # ###?????????????????## | | ## ##?# #??# #??# ####????????????????????# | | ### #??# #??## ##?????######???????????# | | """ #??# #???### #??????# ????????????# | | """ ####?? #?????## #??????# %#?????????????# | | """ ####?? #??????# %#??##### #?????????##### | | ##??#####??????# ##?# ##????##### | | ## ## #?????????## ### ### ##? """ | +----------------------------------------------------+ Best States ------------- Heat Dissipation 25 Energy Generation 14 Energy Capacity 160 Matter Stores 300 Matter Capacity 300 Sight Range 16 Terrain Scan Density 10 ECM Strength 1 Evasion (%) 55 Targeting Accuracy 6 Recoil Reduction 2 Item Schematics ----------------- None Robot Schematics ------------------ None Fabricated ------------ Nothing Alien Tech Used ----------------- None Achievements -------------- None Challenges ------------ None Game ------ Seed AutogunPointRigger Manual? 0 Play Time 00:12:34 Cumulative 9.3 hours Start 2024.04.03 @ 09:51:33 End 2024.04.03 @ 10:03:19 Sessions 1 Manual Loads 0 Difficulty Rogue Special Mode None Game No. 23 Rogue 23 Adventurer 0 Explorer 0 Win Type - Total 0 Types 0/0/0/0/0/0/0/0/0 Lore% 6 Gallery% 14 Achievement% 13 Wizard Run 0 Options --------- Layout 1 ASCII 0 Keyboard 0 Movement Mouse Keybinds 0 Fullscreen 1 Font 24/Smallcaps Map View 50x35 Zoom Use 0% Tactical HUD 0 Map Filters NONE Filters NONE Steam 1 RUN: d9911c09-4432-418a-b71f-78211b845e7d